 Dungeon Crawl Stone Soup version 0.32-a0-665-g3d30ec2550 (webtiles) character file.

Game seed: 15350288272078822006

304 nuthulu the Trooper (level 6, 0/58 HPs)
             Began as a Minotaur Fighter on Mar 9, 2024.
             Incinerated by a bombardier beetle (4 damage)
             ... with a burning spray
             ... on level 4 of the Dungeon.
             The game lasted 00:03:38 (2391 turns).

nuthulu the Trooper (Minotaur Fighter)              Turns: 2391, Time: 00:03:38

Health: 0/58       AC:  7    Str: 22    XL:     6   Next: 15%
Magic:  5/5        EV:  9    Int:  5    God:
Gold:   167        SH:  4    Dex: 10    Spells: 5/5 levels left

rFire   . . .        a - +0 war axe
rCold   . . .        c - +0 buckler
rNeg    . . .        b - +1 scale mail
rPois   .            (helmet restricted)
rElec   .            (no cloak)
rCorr   .            (no gloves)
SInv    .            (no boots)
Will    .....        (no amulet) Stlth
                     (no ring)
HPRegen 0.29/turn    (no ring)
MPRegen 0.09/turn

%: no passive effects
@: mighty, on fire, glowing
A: horns 2, retaliatory headbutt
a: no special abilities


You were on level 4 of the Dungeon.
You visited 1 branch of the dungeon, and saw 4 of its levels.

You collected 167 gold pieces.

Inventory:

Hand Weapons
 a - a +0 war axe (weapon)
Armour
 b - a +1 scale mail (worn)
 c - a +0 buckler (worn)
Scrolls
 i - a scroll of fear
Potions
 d - a potion of might
 f - a potion of curing
 g - 3 potions of attraction
 h - a potion of brilliance
 j - a potion of invisibility
 k - a potion of enlightenment
 l - a potion of heal wounds


   Skills:
 + Level 6.4 Fighting
 + Level 5.8 Axes
 - Level 3.6 Armour
 - Level 3.6 Shields


You had 5 spell levels left.
You didn't know any spells.
Your spell library contained the following spells:

 Spells                   Type           Power      Damage    Failure   Level
 Kiss of Death            Conj/Necr      0%         2d5       86%         1
 Magic Dart               Conj           0%         1d3       86%         1
 Necrotise                Necr           0%         1d4       86%         1
 Slow                     Hex            0%         N/A       86%         1
 Blink                    Tloc           0%         N/A       95%         2
 Call Imp                 Summ           0%         N/A       95%         2
 Confusing Touch          Hex            0%         N/A       99%         3
 Fugue of the Fallen      Necr           0%         N/A       99%         3
 Ozocubu's Armour         Ice            0%         N/A       99%         3
 Sigil of Binding         Hex            0%         N/A       99%         3
 Vampiric Draining        Necr           0%         2d6       99%         3
 Manifold Assault         Tloc           0%         N/A       100%        4
 Death Channel            Necr           0%         N/A       100%        6
 Haunt                    Necr/Summ      0%         N/A       100%        7


Dungeon Overview and Level Annotations

Branches:
Dungeon (4/15)
 Temple: D:4-7

Altars:
Elyvilon


Innate Abilities, Weirdness & Mutations

You have a pair of horns on your head.
You reflexively headbutt those who attack you in melee.


Message History

The orc hits you but does no damage.
The orc wizard hits you but does no damage.
Unknown command.
You barely miss the kobold. Your headbutt misses the kobold. You slash the orc!
You kill the orc!
You hit the orc.
You kill the orc!
You slash the orc wizard! The liquid fire burns you!
The orc wizard hits you but does no damage.
The orc priest mumbles some strange prayers to Beogh against you.
Beogh smites you!
* * * LOW HITPOINT WARNING * * *
The scorpion stings you but does no damage.
The kobold hits you with a +0 short sword.
* * * LOW HITPOINT WARNING * * *
You slash the kobold!
You kill the kobold!
You hit the scorpion. You completely miss the orc wizard.
The liquid fire burns you!
* * * LOW HITPOINT WARNING * * *
The scorpion barely misses you. You furiously retaliate!
You headbutt the scorpion!
You kill the scorpion!
The orc wizard casts a spell.
The orc wizard flickers and vanishes!
Deactivating autopickup; reactivate with Ctrl-A.
You have reached level 6!
You slash the orc priest!
You kill the orc priest!
You closely miss something. The liquid fire burns you!
* * * LOW HITPOINT WARNING * * *
Something hits you but does no damage. x2
Unknown command.
You slash something!
Reactivating autopickup.
You feel a bit more experienced. The liquid fire burns you!
You die...

#...# ..<..#
#.... ###.#.#
.!...# # #....
#.#.#))#
#...)@)####
#.......[.#
....###.##..#
# . .#.
#.##..#.#...#
#...........##
####.###.....#
#........#.#.#
#........#.#.#
#........#.#.#


There were no monsters in sight!

Vanquished Creatures
  A scorpion (D:4)
  A bombardier beetle (D:4)
  An orc priest (D:4)
  A hound (D:4)
  An orc wizard (D:4)
  7 adders
  A gnoll (D:1)
  A dart slug (D:1)
  2 ribbon worms (D:2)
  2 orcs (D:4)
  5 ball pythons
  8 bats
  4 endoplasms
  4 giant cockroaches
  5 goblins
  4 hobgoblins
  7 jackals
  7 kobolds
  3 quokkas
  A frilled lizard (D:1)
  5 rats
71 creatures vanquished.

Notes
Turn   | Place    | Note
-------+----------+-------------------------------------------
     0 | D:1      | nuthulu the Minotaur Fighter began the quest for the Orb.
     0 | D:1      | Reached XP level 1. HP: 19/19 MP: 0/0
    90 | D:1      | Reached skill level 4 in Fighting
   119 | D:1      | Reached XP level 2. HP: 27/27 MP: 1/1
   304 | D:1      | Reached XP level 3. HP: 15/34 MP: 2/2
   754 | D:2      | Found a faded altar of an unknown god.
   947 | D:2      | Got the Monograph on Mortification
  1255 | D:2      | Reached XP level 4. HP: 28/41 MP: 3/3
  1598 | D:2      | Reached skill level 5 in Fighting
  1979 | D:3      | Reached XP level 5. HP: 48/48 MP: 4/4
  2211 | D:4      | Reached skill level 5 in Axes
  2297 | D:4      | Found a white marble altar of Elyvilon.
  2386 | D:4      | Reached skill level 6 in Fighting
  2390 | D:4      | Reached XP level 6. HP: 8/57 MP: 5/5
  2391 | D:4      | Incinerated by a bombardier beetle

Illustrated notes

Levels and vault maps discovered:
D:1:      dpeg_arrival_rooms_c, layout_basic, corexii_hall_statues_deadend
D:2:      layout_loops_corners, nicolae_ecumenical_pavilion
D:3:      layout_rooms
D:4:      layout_loops_cross, elyvilon_altar_3

Skill      XL: |  1  2  3  4  5 |
---------------+----------------+-----
Fighting       | 4 5 6 |  6.4
Axes           | 3 4 5 |  5.8
Armour         | |  3.6
Shields        | |  3.6

Action                     |  1- 3 |  4- 6 || total
---------------------------+-------+-------++-------
  Melee: War axe           |    79 |    68 ||   147
         Headbutt          |     8 |     7 ||    15
    Use: Scroll            |     8 |     5 ||    13
         Potion            |       |     2 ||     2
 Armour: Scale mail        |    69 |    58 ||   127
  Dodge: Dodged            |    47 |    39 ||    86
  Block: Buckler           |    20 |    18 ||    38

Table legend: (Time is in decaauts)
 A = Elapsed time spent in this place.
 B = Non-inter-level travel time spent in this place.
 C = Inter-level travel time spent in this place.
 D = Time resting spent in this place.
 E = Time spent auto-exploring this place.
 F = Levels seen in this place.
 G = Mean time per level.
                   A        B        C        D        E       F      G
               +--------+--------+--------+--------+--------+-----+--------+
         Total |   2437 |   2390 |     47 |    394 |   1472 |   4 |  609.2 |
       Dungeon |   2437 |   2390 |     47 |    394 |   1472 |   4 |  609.2 |
               +--------+--------+--------+--------+--------+-----+--------+

Top non-repeatable levels by time:
     D:2: 943 daAuts
     D:1: 775 daAuts
     D:3: 514 daAuts
     D:4: 203 daAuts
